 Dungeon Crawl Stone Soup version 0.30.0-5-g1a98f26d00 (webtiles) character file.

Game seed: 1609714772342451825

35 GigaChad the Shield-Bearer (level 3, -2/29 HPs)
             Began as a Formicid Fighter on May 12, 2023.
             Killed by an exploding frilled lizard (31 damage)
             ... ignited by their inner flame
             ... on level 2 of the Dungeon.
             The game lasted 00:01:06 (1051 turns).

GigaChad the Shield-Bearer (Formicid Fighter)       Turns: 1051, Time: 00:01:06

Health: -2/29      AC:  6    Str: 22    XL:     3   Next: 55%
Magic:  3/3        EV:  9    Int:  7    God:
Gold:   62         SH:  5    Dex: 13    Spells: 2/2 levels left

rFire   . . .        a - +0 war axe
rCold   . . .        c - +0 buckler
rNeg    . . .        b - +0 scale mail
rPois   .            (helmet unavailable)
rElec   .            (no cloak)
rCorr   .            (no gloves)
SInv    +            (no boots)
Will    .....        (no amulet) Stlth
                     (no ring)
HPRegen 0.24/turn    (no ring)
MPRegen 0.08/turn

%: no passive effects
@: no status effects
A: permanent stasis, dig shafts and tunnels, antennae 3, four strong arms
a: Dig, Shaft Self


You were on level 2 of the Dungeon.
You visited 1 branch of the dungeon, and saw 2 of its levels.

You collected 62 gold pieces.

Inventory:

Hand Weapons
 a - a +0 war axe (weapon)
Armour
 b - a +0 scale mail (worn)
 c - a +0 buckler (worn)
Jewellery
 o - a ring of flight
Scrolls
 g - a scroll of blinking
 h - 2 scrolls of poison
 j - a scroll of magic mapping
Potions
 d - a potion of might
 e - 2 potions of brilliance {unknown}
 f - a potion of haste {unknown}
 l - a potion of cancellation {unknown}
 m - a potion of curing {unknown}


   Skills:
 + Level 3.5 Fighting
 + Level 2.5 Axes
 + Level 3.5 Armour
 + Level 0.4 Stealth
 + Level 4.6 Shields


You had 2 spell levels left.
You didn't know any spells.
Your spell library contained the following spells:

 Spells                   Type           Power      Damage    Failure   Level
 Sting                    Tmut/Pois      0%         1d3       82%         1
 Poisonous Vapours        Pois/Air       0%         N/A       91%         2
 Olgreb's Toxic Radiance  Pois           0%         N/A       100%        4
 Arcjolt                  Conj/Air       0%         1d10      100%        5
 Plasma Beam              Fire/Air       0%         2x1d11    100%        6
 Vhi's Electric Charge    Tloc/Air       Unusable   N/A       N/A         3

Dungeon Overview and Level Annotations

Branches:
Dungeon (2/15)

Altars:


Innate Abilities, Weirdness & Mutations

You cannot be hasted, slowed, berserked, paralysed or teleported.
You can dig through walls and to a lower floor.
You have a pair of large antennae on your head. (SInv)
Your four strong arms can wield two-handed weapons with a shield.


Message History

You see here a dart slug corpse.
As you read the scroll of magic mapping, it crumbles to dust.
You feel momentarily disoriented.
As you read the scroll labelled JONNIUCIAP, it crumbles to dust.
The creatures around you are filled with an inner flame!
It was a scroll of immolation.
The air fills with toxic fumes!
As you read the scroll labelled ZIMUGG ZOAJAZY, it crumbles to dust.
It was a scroll of poison.
As you read the scroll labelled MIF DY CIWNE, it crumbles to dust.
Your stasis prevents you from teleporting.
It was a scroll of blinking.
As you read the scroll labelled ZEUCWAOR CAWIPT, it crumbles to dust.
You feel a strange sense of stasis.
It was a scroll of teleportation.
You start waiting.
Your worm is engulfed in poison gas.
Your worm is poisoned.
Flame seeps out of your worm.
Partly explored, can't reach some places.
Partly explored, can't reach some places.
Partly explored, can't reach some places.
You start waiting.
Flame seeps out of your worm.
You start waiting.
Your worm is engulfed in poison gas.
Your worm looks even sicker.
Flame seeps out of your worm.
You start waiting.
Flame seeps out of your worm.
Your worm is engulfed in poison gas.
Your worm looks even sicker.
Your worm's corpse dissolves into shadows!
Your worm explodes!
The fiery explosion engulfs your endoplasm!!
Your endoplasm dissolves into shadows!
The fiery explosion engulfs your quokka!!
Your quokka's corpse dissolves into shadows!
The fiery explosion engulfs your frilled lizard!
Your frilled lizard's corpse dissolves into shadows!
Your frilled lizard explodes!
The fiery explosion engulfs you!!
Ouch! That really hurt!
You die...

,,,,,***** ##......,,*
,**#############°§§##*,{,*
** #...........☼○§○§#*,,,*
###.###########§○☼§#*,,,*
#...# #○§§§#***** ##.###
##§○°○# ...# ####§§○§§#
#### #§§☼§§§§○# ###
######.###@○°§# ..#
##......# #☼§○°#
..####..###### #§§§○#
.)...†.## #§○☼○# ...#####
###### .÷## ..# ..# ..#


There were no monsters in sight!

Vanquished Creatures
  A worm (D:2)
  A giant cockroach (D:1)
  3 goblins
  2 hobgoblins
  4 jackals (D:1)
  A kobold (D:2)
  2 quokkas
  6 ball pythons
  6 bats
  A frilled lizard (D:1)
  2 rats
29 creatures vanquished.

Vanquished Creatures (collateral kills)
  A dart slug (D:2)
1 creature vanquished.

Grand Total: 30 creatures vanquished

Notes
Turn   | Place    | Note
-------+----------+-------------------------------------------
     0 | D:1      | GigaChad the Formicid Fighter began the quest for the Orb.
     0 | D:1      | Reached XP level 1. HP: 18/18 MP: 1/1
    41 | D:1      | Reached XP level 2. HP: 24/24 MP: 2/2
   733 | D:2      | Reached XP level 3. HP: 29/29 MP: 3/3
  1051 | D:2      | Killed by an exploding frilled lizard... ignited by their
                  | inner flame

Illustrated notes

Levels and vault maps discovered:
D:1:      dpeg_arrival_long_road, layout_loops_cross
D:2:      layout_rooms, kennysheep_nub, uniq_terence, uniq_crazy_yiuf_cottage

Action                     || total
---------------------------++-------
  Melee: War axe           ||    65
    Use: Scroll            ||     7
 Armour: Scale mail        ||    47
  Dodge: Dodged            ||    44
  Block: Buckler           ||    26
